 Dungeon Crawl Stone Soup version 0.14-a0-1297-g3d87a2a (webtiles) character file.

1595 PolkaDot the Conjurer (level 8, -1/52 HPs)
             Began as a Vampire Conjurer on Dec 4, 2013.
             Was a Believer of Vehumet.
             Hit by a dart thrown by a big kobold (4 damage)
             ... on Level 5 of the Dungeon on Dec 5, 2013.
             The game lasted 00:33:00 (5374 turns).

PolkaDot the Conjurer (Vampire Conjurer)            Turns: 5374, Time: 00:33:01

HP  -1/52        AC  3     Str  7      XL: 8   Next: 38%
MP   3/14        EV 20     Int 19      God: Vehumet [**....]
Gold 228         SH  0     Dex 19      Spells:  4 memorised,  2 levels left

rFire  + . .     SeeInvis +     b - +2,+1 dagger (vamp)
rCold  . . .     Clarity  +     e - +0 elf robe {rF+}
rNeg   . . .     Conserve .     (no shield)
rPois  +         rCorr    .     (no helmet)
rElec  .         rRot     .     q - +0 cloak
SustAb . .       Spirit   .     (no gloves)
rMut   .         Warding  .     (no boots)
Saprov . . .     Stasis   .     v - amulet of rage
                                (no ring)
                                n - ring of poison resistance

@: regenerating quickly, agile, somewhat resistant to hostile enchantments, very
stealthy
A: bottle blood, fangs 3, repulsion field 1, see invisible, clarity, high mp 1,
unbreathing
a: Bottle Blood, Renounce Religion, Evoke Berserk Rage


You were on level 5 of the Dungeon.
You worshipped Vehumet.
Vehumet was pleased with you.
You were very full.

You visited 2 branches of the dungeon, and saw 6 of its levels.

You collected 228 gold pieces.

Inventory:

Hand weapons
 b - a +2,+1 vampiric dagger (weapon)
Armour
 e - a +0 elven robe of fire resistance (worn)
 q - a +0 cloak (worn)
Magical devices
 C - a wand of fire (5)
Scrolls
 a - a scroll of amnesia {unknown}
 f - a scroll of curse weapon {unknown}
 h - 4 scrolls of identify
 i - a scroll of enchant weapon I {unknown}
 j - 2 scrolls of fear {unknown}
 l - a scroll of noise {unknown}
 m - a scroll of immolation {unknown}
 o - 3 scrolls of teleportation
 p - a scroll of enchant armour {unknown}
 r - a scroll of magic mapping
 s - a scroll of curse armour {unknown}
 t - a scroll of remove curse {unknown}
 x - a scroll of enchant weapon II {unknown}
 y - a scroll of random uselessness {unknown}
Jewellery
 n - a ring of poison resistance (left hand)
 v - an amulet of rage (around neck)
Potions
 k - 2 potions of restore abilities
 B - a potion of paralysis {unknown}
Books
 c - a book of Conjurations

   Spells                             Type                      Level
   *Magic Dart                        Conjuration                  1
   *Searing Ray                       Conjuration                  2
   Dazzling Spray                     Conjuration/Hexes            3
   *Iskenderun's Mystic Blast         Conjuration                  4
   Iskenderun's Battlesphere          Conjuration/Charms           4
   Fulminant Prism                    Conjuration/Hexes            5
Magical staves
 w - an uncursed staff of fire {unknown}


   Skills:
 - Level 3.1 Short Blades
 - Level 2.1 Dodging
 - Level 3.0 Stealth
 - Level 2.0 Spellcasting
 * Level 8.1 Conjurations


You had 2 spell levels left.
You knew the following spells:

 Your Spells              Type           Power        Failure   Level  Hunger
a - Throw Flame           Conj/Fire      ###...       6%          2    ##.....
d - Iskenderun's Mystic   Conj           ####....     8%          4    #####..
s - Searing Ray           Conj           ####..       1%          2    ##.....
A - Magic Dart            Conj           ####         1%          1    #......


Dungeon Overview and Level Annotations

Branches:
Dungeon (5/16)             Temple (1/1) D:5

Altars:
Ashenzari
Cheibriados
Fedhas
Kikubaaqudgha
Makhleb
Nemelex Xobeh
Okawaru
Sif Muna
Trog
Vehumet
Xom
Zin
the Shining One


Innate Abilities, Weirdness & Mutations

Your natural rate of healing is unusually fast.
You can bottle blood from corpses.
You have razor-sharp teeth.*
You have supernaturally acute eyesight.
You can survive without breathing.*
You are surrounded by a mild repulsion field (EV +2).+ You possess an exceptional clarity of mind.+ You have an increased reservoir of magic (+10% MP).+


Message History

The dart hits you!
You see here 2 darts.
The kobold throws a dart.
The dart misses you.
The big kobold throws a dart.
The dart hits you!
* * * LOW HITPOINT WARNING * * *
Things that are here:
a dart; a giant cockroach corpse The kobold throws a dart.
The dart misses you.
Things that are here:
an orcish club; 25 darts The kobold throws a dart.
The dart misses you.
The big kobold throws a dart.
The dart hits you!
* * * LOW HITPOINT WARNING * * *
You see here 3 darts.
Drink which item? (? for menu, Esc to quit)
You feel agile all of a sudden.
The kobold throws a dart.
The dart hits you!
* * * LOW HITPOINT WARNING * * *
The big kobold throws a dart.
The dart hits you!
You die...

≈....≈≈≈≈≈≈≈≈≈≈≈≈≈≈≈≈≈≈≈≈≈≈≈≈≈≈≈≈
≈....≈≈≈≈≈≈≈≈≈≈≈≈≈≈≈≈≈≈≈≈≈≈≈≈≈≈≈≈
......≈≈≈≈≈≈≈≈≈≈≈≈≈≈≈≈≈≈≈≈≈≈≈≈###
##''###########################.$
#.§..#,,,,...#.....## ##......#..
#..))#,,,,,..'......###..(....#.)
#....#########.......#(..(....##)
......#).....)((.....#...(...)..%
......')..(..)((@)((('(K.(.((.(..
......#).............#..K........
#....#########.......#........##+
#....#,,,,,..'......###.......#,,
#....#,,,,...#.....## ##......#,,
######****##########***########,,
≈≈≈≈≈≈≈≈≈≈≈≈≈≈≈≈≈≈≈≈≈≈≈≈≈≈≈≈≈≈***
≈≈≈≈≈≈≈≈≈≈≈≈≈≈≈≈≈≈≈≈≈≈≈≈≈≈≈≈≈≈≈≈≈
≈≈≈≈≈≈≈≈≈≈≈≈≈≈≈≈≈≈≈≈≈≈≈≈≈≈≈≈≈****


You could see a big kobold and a kobold.

Vanquished Creatures
  A manticore (D:5)
  3 ogres
  2 phantoms
  A centaur (D:5)
  2 big kobolds (D:5)
  An orc priest (D:3)
  An iguana (D:5)
  A scorpion (D:5)
  4 worker ants
  Ijyb (D:2)
  Jessica (D:3)
  13 gnolls
  10 adders
  A worm (D:4)
  5 giant geckos
  2 oozes
  12 orcs
  7 giant cockroaches
  12 goblins
  13 hobgoblins
  13 jackals
  46 kobolds
  2 quokkas
  A ball python (D:4)
  9 bats
  7 giant newts
  A goblin skeleton (D:3)
  A quokka skeleton (D:4)
  7 rats
  2 rat zombies (D:5)
182 creatures vanquished.

Notes
Turn   | Place    | Note
--------------------------------------------------------------
     0 | D:1      | PolkaDot, the Vampire Conjurer, began the quest for the Orb.
     0 | D:1      | Reached XP level 1. HP: 13/13 MP: 3/3
   330 | D:1      | Reached XP level 2. HP: 19/19 MP: 0/4
   437 | D:1      | Learned a level 2 spell: Searing Ray
   442 | D:1      | Reached skill level 1 in Short Blades
   813 | D:2      | Reached XP level 3. HP: 24/24 MP: 6/6
   853 | D:2      | Noticed Ijyb
   860 | D:2      | Killed Ijyb
  1129 | D:2      | Reached XP level 4. HP: 15/30 MP: 2/7
  1447 | D:2      | Learned a level 4 spell: Iskenderun's Mystic Blast
  1647 | D:3      | Noticed Jessica
  1653 | D:3      | Killed Jessica
  1713 | D:3      | Reached skill level 4 in Conjurations
  1756 | D:3      | Reached XP level 5. HP: 17/35 MP: 2/9
  2028 | D:3      | Found a glowing silver altar of Zin.
  2467 | D:4      | Reached skill level 5 in Conjurations
  2467 | D:4      | Reached XP level 6. HP: 41/41 MP: 10/10
  2741 | D:5      | Entered Level 5 of the Dungeon
  2752 | D:5      | Found a staircase to the Ecumenical Temple.
  2758 | Temple   | Entered the Ecumenical Temple
  3016 | Temple   | Became a worshipper of Vehumet
  3087 | D:5      | Gained mutation: You are surrounded by a mild repulsion field (EV +2). [potion of mutation]
  3087 | D:5      | Gained mutation: You possess an exceptional clarity of mind. [potion of mutation]
  3087 | D:5      | Gained mutation: You have an increased reservoir of magic (+10% MP). [potion of mutation]
  3242 | D:5      | Somebody: How do you do?
  3244 | D:4      | PolkaDot: alright
  3244 | D:4      | PolkaDot: got an excellent start
  3244 | D:4      | PolkaDot: how's the game going for you?
  3244 | D:4      | Somebody: What have you got, except of a nice dagger?
  3244 | D:4      | PolkaDot: a hell of a quaff ID
  3244 | D:4      | Somebody: Very good.
  3244 | D:4      | PolkaDot: also :)
  3244 | D:4      | PolkaDot: It is a very good start
  3267 | D:4      | Somebody: Congradulations, very nice for a D:4. Friendly reminder though: I have had comparable characters die of boredom. :p
  3297 | D:4      | PolkaDot: ^^;
  3297 | D:4      | Somebody: I have a decent DENe started in the Lair:6.
  3297 | D:4      | PolkaDot: I'm getting good at avoiding that
  3297 | D:4      | PolkaDot: :o
  3297 | D:4      | Somebody: Safe, but not very exciting.
  3297 | D:4      | PolkaDot: How's it looking?
  3297 | D:4      | PolkaDot: Huh
  3297 | D:4      | Somebody: Want to take a break and come have a look?
  3297 | D:4      | PolkaDot: Sure
  3297 | D:4      | Somebody: See you there.
  3297 | D:4      | PolkaDot: I could do with putting the kettl eon anyways :)
  3415 | D:4      | Noticed an ogre
  3424 | D:4      | Killed an ogre
  3648 | D:4      | Reached skill level 6 in Conjurations
  3648 | D:4      | Reached XP level 7. HP: 20/46 MP: 0/13
  3961 | D:5      | Acquired Vehumet's first power
  3961 | D:5      | Offered knowledge of Sting by Vehumet.
  4152 | D:5      | Found a deep blue altar of Sif Muna.
  4397 | D:5      | Reached skill level 7 in Conjurations
  4756 | D:5      | Offered knowledge of Throw Flame by Vehumet.
  4843 | D:5      | Learned a level 2 spell: Throw Flame
  4927 | D:5      | Noticed a manticore
  4939 | D:5      | Reached XP level 8. HP: 30/52 MP: 3/14
  5139 | D:5      | Killed a manticore
  5289 | D:5      | Reached skill level 8 in Conjurations
  5374 | D:5      | Hit by a dart thrown by a big kobold

Action                   |  1- 3 |  4- 6 |  7- 9 || total
-------------------------+-------+-------+-------++-------
Melee: Unarmed           |    17 |       |       ||    17
       Dagger            |   121 |   268 |   204 ||   593
 Cast: Magic Dart        |    23 |     1 |       ||    24
       Searing Ray       |     3 |    19 |    19 ||    41
       Iskenderun's Myst |       |     3 |    13 ||    16
 Abil: Bottle Blood      |       |     7 |     1 ||     8
Evoke: Wand              |       |       |     1 ||     1
  Use: Potion            |     1 |    15 |     8 ||    24
       Scroll            |       |     2 |     3 ||     5
 Stab: Sleeping          |     2 |     7 |     2 ||    11
       Distracted        |       |     1 |       ||     1
